 Dungeon Crawl Stone Soup version 0.29-a0-321-gf1c400731a (webtiles) character file.

Game seed: 8431523468114075281

725 zishaf the Ruffian (level 7, -7/60 (70) HPs)
             Began as a Troll Hunter on Apr 4, 2022.
             Was an Elder of Fedhas.
             Mangled by a wight
             ... wielding a +0 flail
              (8 damage)
             ... on level 6 of the Dungeon.
             The game lasted 00:08:29 (3944 turns).

zishaf the Ruffian (Troll Hunter)                   Turns: 3944, Time: 00:08:30

HP:   -7/60 (70)    AC:  4    Str: 22    XL:     7   Next: 43%
MP:   4/8           EV: 10    Int:  5    God:    Fedhas [****..]
Gold: 356           SH:  0    Dex: 19    Spells: 6/6 levels left

rFire   . . .      SeeInvis .     - Unarmed
rCold   . . .      Faith    .   (no shield)
rNeg    . . .      Spirit   .   b - +0 robe
rPois   .          Reflect  +   u - +0 hat
rElec   .          Harm     .   (no cloak)
rCorr   .          Rampage  .   (gloves unavailable)
Will    +....                   (boots unavailable)
Stlth   +.........              o - amulet of reflection
HPRegen 1.00/turn               p - +6 ring of dexterity
MPRegen 0.11/turn               y - ring of willpower

@: confused, heavily drained
A: large, unfitting armour, claws 3, regeneration 1, shaggy fur 1, tough skin 1
a: Renounce Religion, Wall of Briars, Grow Ballistomycete, Overgrow


You were on level 6 of the Dungeon.
You worshipped Fedhas.
Fedhas was greatly pleased with you.
You visited 1 branch of the dungeon, and saw 7 of its levels.
You also visited: Sewer.

You collected 356 gold pieces.

Inventory:

Hand Weapons
 a - a +2 hunting sling
Missiles
 g - 2 atropa-tipped darts
 r - 2 throwing nets
 v - 2 poisoned darts
Armour
 b - a +0 robe (worn)
 u - a +0 hat (worn)
Jewellery
 o - an amulet of reflection (around neck)
 p - a +6 ring of dexterity (left claw)
 w - a ring of willpower
 y - a ring of willpower (right claw)
Scrolls
 c - 3 scrolls of immolation
 e - 8 scrolls of teleportation
 f - 3 scrolls of fog
 k - 4 scrolls of blinking
 s - a scroll of amnesia
 z - 2 scrolls of enchant weapon
 A - a scroll of enchant armour {unknown}
Potions
 d - a potion of invisibility
 h - 3 potions of heal wounds
 i - 3 potions of haste
 j - 2 potions of brilliance
 l - 3 potions of berserk rage
 m - a potion of magic {unknown}
 n - 2 potions of curing {unknown}
 q - a potion of might {unknown}
 t - a potion of mutation {unknown}
 x - a potion of flight {unknown}
 B - a potion of lignification {unknown}


   Skills:
 + Level 4.3 Fighting
 - Level 2.6 Slings
 - Level 1.5 Dodging
 - Level 0.3 Stealth
 + Level 4.6 Unarmed Combat
 + Level 3.8 Invocations


You had 6 spell levels left.
You didn't know any spells.
Your spell library contained the following spells:

 Spells                   Type           Power      Damage    Failure   Level
 Shock                    Conj/Air       0%         1d3       47%         1
 Ozocubu's Armour         Ice            0%         N/A       85%         3
 Swiftness                Air            0%         N/A       85%         3
 Airstrike                Air            0%         N/A       99%         4
 Metabolic Englaciation   Hex/Ice        0%         N/A       100%        5
 Simulacrum               Ice/Necr       0%         N/A       100%        6


Dungeon Overview and Level Annotations

Branches:
Dungeon (7/15)              Sewer (visited)
 Temple: D:4-7

Altars:
Dithmenos
Fedhas
Makhleb
Ru
Xom
Yredelemnul

Shops:
D:2 *   D:4 [   D:7 =


Innate Abilities, Weirdness & Mutations

You are too large for most types of armour.
You have claws for hands.
Your natural rate of healing is unusually fast.
You are covered in fur. (AC +1)
You have tough skin. (AC +1)


Message History

You feel sick. The wight attacks as you move away!
You block the wight's attack.
You feel sick.
Aiming: Grow Ballistomycete (30% risk of failure)
Press: ? - help, Dir - move target A ballistomycete grows from the ground.
You feel sick.
You are no longer poisoned.
You closely miss the wight. You block the wight's attack.
The wight hits your ballistomycete with a +0 battleaxe!
The wight drains your ballistomycete. The wight hits you but does no damage.
The wight hits you with a +0 flail.
You feel drained.
You claw the wight!
The wight is severely damaged.
The wight hits you with a +0 flail.
You feel drained.
The wight hits you from afar with a +5 trident!
The wight hits you with a +0 battleaxe.
You feel drained.
The wight hits your ballistomycete with a +0 battleaxe.
You scratch the wight but do no damage.
The wight is severely damaged.
The wight hits you with a +0 battleaxe.
You feel drained.
The wight hits your ballistomycete with a +0 battleaxe!
The wight hits your ballistomycete spore with a +0 battleaxe!
Your ballistomycete spore explodes!
The explosion of spores engulfs you!
You are confused.
The explosion of spores engulfs the wight!
The wight is almost destroyed.
The explosion of spores engulfs the wight.
The wight is lightly damaged.
The wight hits you from afar with a +4 halberd!
* * * LOW HITPOINT WARNING * * *
You feel drained.
* * * LOW HITPOINT WARNING * * *
The wight hits you from afar with a +5 trident!
* * * LOW HITPOINT WARNING * * *
You feel drained.
* * * LOW HITPOINT WARNING * * *
The wight hits you with a +0 flail!
You die...
Fedhas appreciates your contribution to the ecosystem.

.....# # #.....#
#....#### #. #.....#
#........ #.###.....
#........ #....#...##
#..z.....
##.........###.z......
#...........##.....!..
#........z.z##†.......
#......†P@.zz.........
##.......z.###########
##..>#...## #########


You could see 5 wights and a friendly ballistomycete (summoned, drained).

Vanquished Creatures
  2 bullfrogs (Sewer)
  2 scorpions
  A necrophage (D:6)
  A howler monkey (D:5)
  An orc priest (D:5)
  A hound (D:4)
  An iguana (D:5)
  4 gnolls (D:3)
  11 adders
  A river rat (D:3)
  A shadow imp (D:5)
  2 ufetubi
  2 worms
  5 dart slugs
  7 orcs
  9 endoplasms
  16 giant cockroaches
  7 goblins
  3 hobgoblins (D:1)
  2 jackals (D:2)
  4 kobolds
  10 quokkas
  12 ball pythons
  8 bats
  14 frilled lizards
  4 rats
131 creatures vanquished.

Vanquished Creatures (others)
  A ballistomycete spore (D:6)
  A plant (D:1)
2 creatures vanquished.

Grand Total: 133 creatures vanquished

Notes
Turn   | Place    | Note
-------+----------+-------------------------------------------
     0 | D:1      | zishaf the Troll Hunter began the quest for the Orb.
     0 | D:1      | Reached XP level 1. HP: 19/19 MP: 0/0
    98 | D:1      | Reached skill level 1 in Unarmed Combat
   153 | D:1      | Reached XP level 2. HP: 28/28 MP: 1/1
   369 | D:1      | Found a faded altar of an unknown god.
   668 | D:1      | Prayed at the altar of an unknown god.
   668 | D:1      | Became a worshipper of Fedhas Madash
   668 | D:1      | Reached * piety under Fedhas
  1058 | D:2      | Found Umpev's General Store.
  1063 | D:2      | Reached XP level 3. HP: 35/35 MP: 2/2
  1721 | D:3      | Reached ** piety under Fedhas
  1735 | D:3      | Found a glowing drain.
  1743 | D:3      | Reached skill level 1 in Invocations
  1743 | D:3      | Reached XP level 4. HP: 30/44 MP: 3/3
  1751 | Sewer    | Entered a sewer
  1956 | Sewer    | Reached XP level 5. HP: 52/52 MP: 5/5
  1987 | Sewer    | Reached *** piety under Fedhas
  2040 | Sewer    | Reached XP level 6. HP: 4/61 MP: 6/6
  2206 | D:3      | Found a sacrificial altar of Ru.
  2740 | D:4      | Found Yleahies's Armour Emporium.
  2986 | D:4      | Found a burning altar of Makhleb.
  3377 | D:5      | Entered Level 5 of the Dungeon
  3474 | D:5      | Reached **** piety under Fedhas
  3544 | D:5      | Reached XP level 7. HP: 68/68 MP: 8/8
  3623 | D:5      | Found a shadowy altar of Dithmenos.
  3627 | D:5      | Found a shimmering altar of Xom.
  3630 | D:5      | Found a basalt altar of Yredelemnul.
  3890 | D:5      | You fall into a shaft and drop 2 floors!
  3890 | D:7      | Found Xun Etuti's Jewellery Boutique.
  3944 | D:6      | HP: 1/60 [wight/+5 trident (3)]
  3944 | D:6      | Mangled by a wight

Illustrated notes

Levels and vault maps discovered:
D:1:      dpeg_arrival_oval, layout_basic, shapermc_ecumenical_altar_flowoftime,
          hangedman_decor_opposing, amcnicky_mini_pool_small
D:2:      layout_loops_ring, serial_shops, shop, hangedman_decor_push,
          minivault_26, minmay_nonomino_d4
D:3:      layout_basic, nicolae_ru_awakened_eye, cheibrodos_sewer_entry_sluice
D:4:      layout_gridville, lightli_temple_of_fire, serial_shops,
          nicolae_shop_hallway_plus
D:5:      layout_rooms, grunt_temple_overflow_diamond
D:6:      layout_rooms, slow_altar_1, minmay_temple_entry_stoned_glass,
          kennysheep_cross_bottleneck
D:7:      minmay_the_grid_octo_tiled_squarecenter [minmay_the_grid_octo_shrine,
          minmay_the_grid_octo_tetromino_candy,
          minmay_the_grid_octo_vomiting_pacman, minmay_the_grid_octo_horde,
          minmay_the_grid_square_5x5_megaprize_crossed,
          minmay_the_grid_square_5x5_corner, minmay_the_grid_square_5x5_meh,
          minmay_the_grid_square_5x5_dogpile,
          minmay_the_grid_square_5x5_hourglass], layout_basic,
          mainiacjoe_overflow_surrounded_room, kennysheep_mini,
          nicolae_gozag_seed_capital, serial_shops, nicolae_lakefront_shop,
          serial_co_window_serial, co_window_corner_a, co_window_paths_b,
          co_window_paths_a, co_window_corner_a, co_window_paths_a,
          co_window_broadway_a, co_window_of_opportunity_b,
          co_window_broadway_b, co_window_unsneaky_path_d, glass_columns_a,
          glass_columns_a, glass_columns_b, uniq_pikel

Skill      XL: |  1  2  3  4  5  6  7 |
---------------+----------------------+-----
Unarmed Combat | 1 2 3 4 |  4.6
Fighting       | 2 3 4 |  4.3
Invocations    | 1 2 3 |  3.8
Slings         | |  2.6
Dodging        | |  1.5
Stealth        | |  0.3

Action                   |  1- 3 |  4- 6 |  7- 9 || total
-------------------------+-------+-------+-------++-------
Melee: Unarmed           |   101 |   209 |    44 ||   354
       Punch             |     3 |     4 |     1 ||     8
 Fire: Hunting sling     |    22 |       |       ||    22
Invok: Grow Ballistomyce |       |       |     1 ||     1
  Use: Scroll            |     6 |     6 |       ||    12
 Stab: Sleeping          |     3 |     3 |     1 ||     7
Armor: Robe              |    54 |    62 |    11 ||   127
Dodge: Dodged            |    66 |    89 |    10 ||   165
Block: Other             |     4 |    41 |     9 ||    54
       Reflection        |       |     1 |       ||     1

Table legend: (Time is in decaauts)
 A = Elapsed time spent in this place.
 B = Non-inter-level travel time spent in this place.
 C = Inter-level travel time spent in this place.
 D = Time resting spent in this place.
 E = Time spent auto-exploring this place.
 F = Levels seen in this place.
 G = Mean time per level.
                   A        B        C        D        E       F      G
               +--------+--------+--------+--------+--------+-----+--------+
         Total |   3989 |   3616 |    373 |      0 |   2729 |   8 |  498.6 |
       Dungeon |   3578 |   3205 |    373 |      0 |   2571 |   7 |  511.1 |
         Sewer |    411 |    411 |      0 |      0 |    157 |   1 |  411.0 |
               +--------+--------+--------+--------+--------+-----+--------+

Top non-repeatable levels by time:
     D:1: 1026 daAuts
     D:4: 706 daAuts
     D:2: 659 daAuts
     D:3: 624 daAuts
     D:5: 510 daAuts
   Sewer: 411 daAuts
     D:6: 40 daAuts
     D:7: 11 daAuts
